 Dungeon Crawl Stone Soup version 0.31-a0-331-geda263fcf1 (webtiles) character file.

Game seed: 2333939984259173448

131 Monkooky the Gusty (level 4, -2/30 HPs)
             Began as a Mummy Wanderer on July 18, 2023.
             Slain by a gnoll
             ... wielding a +0 club
              (5 damage)
             ... on level 3 of the Dungeon on July 19, 2023.
             The game lasted 00:07:15 (2665 turns).

Monkooky the Gusty (Mummy Wanderer)                 Turns: 2665, Time: 00:07:15

Health: -2/30      AC:  3    Str: 14    XL:     4   Next: 91%
Magic:  1/10       EV: 11    Int: 13    God:
Gold:   111        SH:  0    Dex: 12    Spells: 2/12 levels left

rFire   x . .        a - +0 falchion
rCold   + . .        (no shield)
rNeg    + + +        j - +0 robe
rPois   ∞            (no helmet)
rElec   .            (no cloak)
rCorr   .            b - +0 pair of gloves
SInv    .            (no boots)
Will    .....        (no amulet)
Stlth   ++           (no ring)
HPRegen 0.25/turn    (no ring)
MPRegen 0.12/turn

%: faith
@: no status effects
A: cold resistance 1, negative energy resistance 3, torment resistance 2, heat
vulnerability 1, in touch with death 1, no potions, faith
a: no special abilities


You were on level 3 of the Dungeon.
You visited 1 branch of the dungeon, and saw 3 of its levels.

You collected 111 gold pieces.

Inventory:

Hand Weapons
 a - a +0 falchion (weapon)
 g - a +0 short sword of speed
Missiles
 h - 8 poisoned darts
Armour
 b - a +0 pair of gloves (worn)
 d - a +0 leather armour
 j - a +0 robe (worn)
Scrolls
 c - a scroll of blinking
 f - a scroll of identify {unknown}
 i - a scroll of fog {unknown}
 k - a scroll of teleportation {unknown}


   Skills:
 - Level 1.0 Long Blades
 - Level 1.0 Throwing
 - Level 1.0 Stealth
 + Level 4.8 Spellcasting
 * Level 5.0 Air Magic


You had 2 spell levels left.
You knew the following spells:

 Your Spells              Type           Power      Damage    Failure   Level
a - Shock                 Conj/Air       36%        1d5       7%          1
b - Poisonous Vapours     Pois/Air       18%        N/A       11%         2
c - Swiftness             Air            16%        N/A       7%          3
d - Airstrike             Air            8%         2d(2-18)  24%         4

Your spell library contained the following spells:

 Spells                   Type           Power      Damage    Failure   Level
 Vhi's Electric Charge    Tloc/Air       18%        N/A       21%         3


Dungeon Overview and Level Annotations

Branches:
Dungeon (3/15)

Altars:

Shops:
D:1 [


Innate Abilities, Weirdness & Mutations

You are immune to poison.
Your flesh is cold resistant. (rC+)
You are immune to negative energy. (rN+++)
You are immune to unholy pain and torment.
You are vulnerable to heat. (rF-)
You are in touch with the powers of death.
You do not drink.
You have a special connection with the divine. (Faith)


Message History

The adder attacks as you move away! The adder misses you.
The adder attacks as you move away! The adder barely misses you.
The teleport trap disappears.
The adder disappears!
You aren't carrying any items that you can evoke.
As you read the scroll labelled POELEGIJOCH, it crumbles to dust.
You hear a loud clanging noise!
It was a scroll of noise.
You barely miss the gnoll.
The gnoll is almost dead.
The gnoll barely misses you.
Casting: Poisonous Vapours (safe; 11% risk of failure)
Confirm with . or Enter, or press ? or * to list all spells.
Aiming: Shock (safe; 7% risk of failure)
Press: ? - help, Shift-Dir - straight line, p - gnoll The zap misses the gnoll.
The zap hits the gnoll.
The gnoll is lightly wounded.
The zap hits the gnoll.
The gnoll is lightly wounded.
The gnoll closely misses you.
You hit the gnoll.
You kill the gnoll!
The gnoll barely misses you. The gnoll hits you with a +0 spear.
The gnoll barely misses you. The gnoll attacks as you move away!
The gnoll completely misses you. The gnoll hits you with a +0 club.
The gnoll hits you from afar with a +0 spear.
The gnoll hits you from afar with a +0 spear.
* * * LOW HITPOINT WARNING * * *
The gnoll attacks as you move away! The gnoll hits you with a +0 club.
* * * LOW HITPOINT WARNING * * *
Okay, then.
Casting: Shock (safe; 7% risk of failure)
Confirm with . or Enter, or press ? or * to list all spells.
Okay, then.
Casting: Shock (safe; 7% risk of failure)
Confirm with . or Enter, or press ? or * to list all spells.
Aiming: Shock (safe; 7% risk of failure)
Press: ? - help, Shift-Dir - straight line The zap misses the gnoll. x2; The gnoll hits you with a +0 club.
You die...

......#......# #.###
..#..#######.# .# ..#.##
###.+ .#..#### #<..#
.#.....###...# ...###..##...#
##############
.######.########.##.........#
.).............).g..........#
#######....#####@#..........#
####.......##...).....#
##########.........#
#.........# ###########


You could see a gnoll.

Vanquished Creatures
  Jessica (D:3)
  An orc wizard (D:2)
  2 adders (D:2)
  A gnoll (D:3)
  A worm (D:2)
  A dart slug (D:2)
  3 orcs
  6 ball pythons
  3 bats (D:2)
  5 endoplasms
  2 giant cockroaches (D:2)
  6 goblins
  2 hobgoblins
  A jackal (D:2)
  2 quokkas (D:1)
  A frilled lizard (D:1)
  4 kobolds
  3 rats (D:1)
45 creatures vanquished.

Notes
Turn   | Place    | Note
-------+----------+-------------------------------------------
     0 | D:1      | Monkooky the Mummy Wanderer began the quest for the Orb.
     0 | D:1      | Monkooky set off with the following items: a +0 falchion, a
                  | +0 pair of gloves, a scroll of blinking, a +0 leather
                  | armour; and the following spell memorised: Shock; and the
                  | following spells available to memorise: Poisonous Vapours,
                  | Vhi's Electric Charge.
     0 | D:1      | Reached XP level 1. HP: 13/13 MP: 4/4
   287 | D:1      | Found Veulephast's Armour Boutique.
   296 | D:1      | Reached XP level 2. HP: 19/19 MP: 3/6
   448 | D:1      | Learned a level 2 spell: Poisonous Vapours
  1024 | D:2      | Gained mutation: You are in touch with the powers of death.
                  | [Mummy growth]
  1024 | D:2      | Reached XP level 3. HP: 21/24 MP: 3/8
  1708 | D:2      | Learned a level 3 spell: Swiftness
  1944 | D:3      | Noticed Jessica
  1952 | D:3      | Killed Jessica
  1953 | D:3      | Reached XP level 4. HP: 30/30 MP: 2/10
  1960 | D:2      | Upgraded the game from 0.31-a0-325-g067879e3d3 to
                  | 0.31-a0-331-geda263fcf1
  2103 | D:2      | Learned a level 4 spell: Airstrike
  2273 | D:2      | Reached skill level 5 in Air Magic
  2665 | D:3      | Slain by a gnoll

Illustrated notes

Levels and vault maps discovered:
D:1:      psy_arrival_conway, layout_rooms, serial_shops, shop,
          grunt_decor_fettered
D:2:      layout_loops_ring, serial_glass, glass_columns_a, glass_columns_c,
          minmay_pentomino_u4
D:3:      layout_rooms, lemuel_round_altar,
          shapermc_ecumenical_altar_flowoftime, dreamdust_mushroom_princess,
          uniq_jessica

Skill      XL: |  1  2  3  4 |
---------------+-------------+-----
Spellcasting   | 3 4 |  4.8
Air Magic      | 5 |  5.0
Long Blades    | |  1.0
Throwing       | |  1.0
Stealth        | |  1.0

Action                     |  1- 3 |  4- 6 || total
---------------------------+-------+-------++-------
  Melee: Falchion          |    33 |    17 ||    50
         Punch             |     1 |       ||     1
   Cast: Shock             |    25 |     2 ||    27
         Poisonous Vapours |    30 |    29 ||    59
    Use: Scroll            |       |     1 ||     1
 Armour: Leather armour    |    23 |    11 ||    34
         Robe              |       |     9 ||     9
  Dodge: Dodged            |    51 |    54 ||   105

Table legend: (Time is in decaauts)
 A = Elapsed time spent in this place.
 B = Non-inter-level travel time spent in this place.
 C = Inter-level travel time spent in this place.
 D = Time resting spent in this place.
 E = Time spent auto-exploring this place.
 F = Levels seen in this place.
 G = Mean time per level.
                   A        B        C        D        E       F      G
               +--------+--------+--------+--------+--------+-----+--------+
         Total |   2686 |   2639 |     47 |    407 |   1669 |   3 |  895.3 |
       Dungeon |   2686 |   2639 |     47 |    407 |   1669 |   3 |  895.3 |
               +--------+--------+--------+--------+--------+-----+--------+

Top non-repeatable levels by time:
     D:2: 1589 daAuts
     D:1: 700 daAuts
     D:3: 396 daAuts
